 Dungeon Crawl Stone Soup version 0.30-a0-140-gd1020e658a (webtiles) character file.

Game seed: 15548455100863695444

1193 themarg the Magician (level 8, -6/54 HPs)
             Began as a Djinni Fire Elementalist on Sept 25, 2022.
             Was an Initiate of Ashenzari.
             Killed by an exploding orc warrior (8 damage)
             ... ignited by their inner flame
             ... on level 6 of the Dungeon.
             The game lasted 00:18:57 (7027 turns).

themarg the Magician (Djinni Fire Elementalist)     Turns: 7027, Time: 00:18:57

Health: -6/54      AC:  2    Str: 13    XL:     8   Next: 71%
Gold:   247        EV: 13    Int: 19    God:    Ashenzari [......] SH:  0 Dex: 14

rFire   + + .      SeeInvis .    w - +2 whip (holy)
rCold   x . .      Faith    .    (no shield)
rNeg    . . .      Spirit   .    a - +0 robe
rPois   ∞          Reflect  .    (no helmet)
rElec   .          Harm     .    (no cloak)
rCorr   .          Rampage  .    (no gloves)
Will    +....                    (boots unavailable)
Stlth   ++........               (no amulet)
HPRegen 0.18/turn                p - +6 ring of strength
MPRegen 0.00/turn                q - ring of willpower

@: flying
A: sickness immunity, fire resistance 2, cold vulnerability 1, float, innate
caster, HP casting, extra vitality 1
a: Renounce Religion


You were on level 6 of the Dungeon.
You worshipped Ashenzari.
Ashenzari was noncommittal.
You visited 2 branches of the dungeon, and saw 7 of its levels.

You collected 247 gold pieces.

Inventory:

Hand Weapons
 w - a +2 whip of holy wrath (weapon)
Missiles
 x - 3 boomerangs
 A - 14 poisoned darts
Armour
 a - a +0 robe (worn)
Magical Staves
 t - a staff of conjuration
Jewellery
 p - a +6 ring of strength (left hand)
 q - a ring of willpower (right hand)
Wands
 u - a wand of polymorph (2)
Scrolls
 e - a scroll of poison {unknown}
 f - a scroll of blinking {unknown}
 h - 2 scrolls of enchant armour {unknown}
 i - a scroll of identify
 k - a scroll of enchant weapon {unknown}
 m - 2 scrolls of torment
 r - 2 scrolls of teleportation {unknown}
 s - a scroll of noise {unknown}
 y - a scroll of amnesia {unknown}
 B - a scroll of summoning {unknown}
Potions
 b - a potion of brilliance {unknown}
 c - 2 potions of curing
 d - a potion of berserk rage
 g - 4 potions of heal wounds
 j - a potion of cancellation {unknown}
 l - a potion of haste {unknown}
 n - 2 potions of flight {unknown}
 o - 4 potions of attraction
 v - a potion of invisibility {unknown}
 z - 2 potions of lignification {unknown}


   Skills:
 + Level 1.9 Fighting
 + Level 3.3 Dodging
 - Level 3.0 Stealth
 + Level 7.2 Spellcasting


You had 2 spell levels left.
You knew the following spells:

 Your Spells              Type           Power      Damage    Failure   Level
a - Foxfire               Conj/Fire      100%       2x1d9     1%          1
b - Scorch                Fire           68%        2d8       1%          2
c - Kindle Blastsparks    Fire/Tloc/Air  68%        2d15      1%          3
d - Inner Flame           Hex/Fire       34%        N/A       1%          3
e - Flame Wave            Conj/Fire      34%        2d10      4%          4
f - Magic Dart            Conj           100%       1d8       1%          1
g - Static Discharge      Conj/Air       68%        2-5/arc   1%          2
h - Vampiric Draining     Necr           34%        2d8       1%          3
Your spell library was empty.

Dungeon Overview and Level Annotations

Branches:
Dungeon (6/15)             Temple (1/1) D:5

Altars:
Ashenzari
Cheibriados
Dithmenos
Elyvilon
Fedhas
Gozag
Hepliaklqana
Makhleb
Nemelex Xobeh
Qazlal
Ru
Trog
Uskayaw
Wu Jian
Xom
The Shining One

Annotations:
D:6 exclusions: black bear and steam dragon


Innate Abilities, Weirdness & Mutations

You are immune to sickness and miasma.
You are immune to poison.
Your flesh is very heat resistant. (rF++)
You are vulnerable to cold. (rC-)
You float through the air rather than walking.
You learn spells naturally, not from books.
Your magical power is your life essence.
You have superior vitality. (+4 MHP)


Message History

Confirm with . or Enter, or press ? or * to list all spells.
Flames lash the orc warrior.
Flame seeps out of the orc warrior.
The orc warrior is moderately wounded.
The orc warrior's fire resistance burns away.
A scorpion comes into view.
An orc comes into view. It is wielding a +0 mace.
The orc warrior is engulfed in blazing flames.
Flame seeps out of the orc warrior.
Casting: Scorch (safe; 1% risk of failure)
Confirm with . or Enter, or press ? or * to list all spells.
Okay, then.
The orc warrior attacks as you move away!
The orc warrior barely misses you.
Casting: Scorch (safe; 1% risk of failure)
Confirm with . or Enter, or press ? or * to list all spells.
Flames lash the orc warrior but do no damage.
The orc warrior hits you with a +0 battleaxe!
Okay, then.
Casting: Scorch (safe; 1% risk of failure)
Confirm with . or Enter, or press ? or * to list all spells.
Casting: Flame Wave (dangerous; 4% risk of failure)
Press: ? - help, Dir - look around, f - activate A wave of flame ripples out!
The flame wave engulfs the orc warrior but does no damage.
The orc warrior is severely wounded. (Press . to intensify the flame waves.)
An orc comes into view. It is wielding a +0 short sword.
The orc warrior hits you with a +0 battleaxe!!
* * * LOW HITPOINT WARNING * * *
A wave of flame ripples out!
The flame wave engulfs the orc warrior.
Flame seeps out of the orc warrior.
The orc warrior is almost dead.
* * * LOW HITPOINT WARNING * * *
You hear an angry growl.
The orc warrior is engulfed in blazing flames.
The orc warrior explodes!
The fiery explosion engulfs the orc!!
You kill the orc!
The fiery explosion engulfs you! You resist.
You die...

# #.. .........
..####.# #........
....o## #.......
#.)..## ###...... .....
## ##).s..####.......<.
.....
#..#.o.........##......
.....
#....§§...######..###..
..... .#....§○§..# #..#
##. .....
......§@§..### #.# ##
.......#
#........#...###.# #.
........
##.......###..#..# #.
.................##
###..# #h.
...........#....##
##.## #..# ..†......#
##...## #..###..#
...... ..###.....#
##...#..# ..###
#.#....##.######......#
..# #....#
#...##.>.####.#


You could see a scorpion and 2 orcs.

Vanquished Creatures
  Edmund (D:6)
  An ice beast (D:6)
  2 orc warriors (D:6)
  An ogre (D:5)
  2 phantoms (D:5)
  A necrophage (D:5)
  A scorpion (D:4)
  A hound (D:5)
  A jelly (D:6)
  2 orc priests
  A gnoll bouda (D:4)
  2 iguanas
  Ijyb (D:3)
  2 orc wizards (D:6)
  9 gnolls (D:4)
  7 adders
  2 ufetubi
  3 worms
  A dart slug (D:2)
  16 orcs
  6 endoplasms
  A giant cockroach (D:4)
  8 goblins
  5 hobgoblins
  3 jackals (D:4)
  6 quokkas
  8 ball pythons
  5 bats
  3 frilled lizards
  5 kobolds
  6 rats
113 creatures vanquished.

Vanquished Creatures (others)
  146 foxfires
146 creatures vanquished.

Grand Total: 259 creatures vanquished

Notes
Turn   | Place    | Note
-------+----------+-------------------------------------------
     0 | D:1      | themarg the Djinni Fire Elementalist began the quest for
                  | the Orb.
     0 | D:1      | themarg set off with the following spells memorised:
                  | Foxfire, Scorch, Kindle Blastsparks, Inner Flame, Flame
                  | Wave.
     0 | D:1      | Reached XP level 1. HP: 15/15 MP: 0/0
   285 | D:1      | Reached XP level 2. HP: 11/21 MP: 0/0
   581 | D:1      | Found a faded altar of an unknown god.
   854 | D:1      | Reached XP level 3. HP: 20/25 MP: 0/0
   854 | D:1      | Learned a level 1 spell: Magic Dart
  2098 | D:2      | Reached skill level 3 in Spellcasting
  2646 | D:3      | Reached XP level 4. HP: 30/31 MP: 0/0
  2682 | D:3      | Noticed Ijyb
  2850 | D:3      | Found a stormy altar of Qazlal.
  3182 | D:3      | Found a faded altar of an unknown god.
  3290 | D:3      | Reached XP level 5. HP: 30/35 MP: 0/0
  3290 | D:3      | Learned a level 2 spell: Static Discharge
  3430 | D:3      | Killed Ijyb
  3631 | D:3      | Found a shimmering altar of Xom.
  3811 | D:3      | Found a sparkling altar of Nemelex Xobeh.
  4243 | D:4      | Reached skill level 4 in Spellcasting
  4293 | D:4      | Reached XP level 6. HP: 31/40 MP: 0/0
  4393 | D:4      | Found a hide-covered altar of Uskayaw.
  4435 | D:4      | Found a glowing golden altar of the Shining One.
  4824 | D:4      | Reached skill level 5 in Spellcasting
  4936 | D:4      | Found a hazy altar of Hepliaklqana.
  4998 | D:5      | Entered Level 5 of the Dungeon
  5098 | D:5      | Reached XP level 7. HP: 29/45 MP: 0/0
  5098 | D:5      | Learned a level 3 spell: Vampiric Draining
  5554 | D:5      | Reached skill level 6 in Spellcasting
  5811 | D:5      | Reached XP level 8. HP: 41/50 MP: 0/0
  5929 | D:5      | Found a staircase to the Ecumenical Temple.
  5941 | Temple   | Entered the Ecumenical Temple
  6010 | Temple   | Became a worshipper of Ashenzari the Shackled
  6608 | D:6      | Noticed Edmund
  6614 | D:6      | Killed Edmund
  6615 | D:6      | Reached skill level 7 in Spellcasting
  6615 | D:6      | Reached skill level 1 in Fighting
  7027 | D:6      | Killed by an exploding orc warrior... ignited by their
                  | inner flame

Illustrated notes

Levels and vault maps discovered:
D:1:      dpeg_arrival_connections, layout_basic,
          ebering_ecumenical_altar_abandoned, grunt_decor_arrowhead
D:2:      layout_loops_corners, kennysheep_generic_room_11
D:3:      layout_rooms, chequers_temple_overflow_statue_of_worship,
          nicolae_overflow_ecumenical_swirl, nemelex_diamond_rough_becter,
          uniq_ijyb
D:4:      layout_basic, mainiacjoe_overflow_paths,
          nicolae_hepliaklqana_hippocampus, nicolae_tso_carved_into_rock,
          nicolae_kite_square_tiling_tiny
D:5:      layout_basic, lemuel_tele_altar, minmay_temple_entry_butterflies,
          eino_tiny_chamber, st_stairs_8
D:6:      layout_layer_cave, uniq_blork_the_orc, uniq_edmund
Temple:   cyrus_temple_forest

Skill      XL: |  1  2  3  4  5  6  7  8 |
---------------+-------------------------+-----
Stealth        | 2 3 |  3.0
Spellcasting   | 3 4 5 6 7 |  7.2
Fighting       | 1 |  1.9
Dodging        | 3 |  3.3

Action                   |  1- 3 |  4- 6 |  7- 9 || total
-------------------------+-------+-------+-------++-------
Melee: Dagger            |     6 |     1 |       ||     7
       Unarmed           |       |    11 |       ||    11
 Cast: Foxfire           |    39 |    39 |    23 ||   101
       Scorch            |    18 |    48 |    32 ||    98
       Inner Flame       |       |     4 |     4 ||     8
       Flame Wave        |       |       |     4 ||     4
       Kindle Blastspark |       |       |     1 ||     1
  Use: Scroll            |       |     1 |     3 ||     4
       Potion            |       |     1 |       ||     1
Armor: Robe              |     1 |       |     2 ||     3
Dodge: Dodged            |    11 |     7 |     5 ||    23

Table legend: (Time is in decaauts)
 A = Elapsed time spent in this place.
 B = Non-inter-level travel time spent in this place.
 C = Inter-level travel time spent in this place.
 D = Time resting spent in this place.
 E = Time spent auto-exploring this place.
 F = Levels seen in this place.
 G = Mean time per level.
                   A        B        C        D        E       F      G
               +--------+--------+--------+--------+--------+-----+--------+
         Total |   7027 |   6807 |    220 |   2559 |   3378 |   7 | 1003.9 |
       Dungeon |   6932 |   6733 |    199 |   2559 |   3336 |   6 | 1155.3 |
        Temple |     94 |     73 |     21 |      0 |     42 |   1 |   94.0 |
               +--------+--------+--------+--------+--------+-----+--------+

Top non-repeatable levels by time:
     D:1: 1423 daAuts
     D:2: 1372 daAuts
     D:3: 1225 daAuts
     D:5: 1206 daAuts
     D:4: 1158 daAuts
     D:6: 546 daAuts
  Temple: 94 daAuts
